cohdb
Replays
Latest Replays
All Replays
Popular Replays
Top Player Replays
Match Explorer
How It Works
Community
CoH3 Stats
Reddit
Sign in to upload your games and track your stats! →
Sign in with Steam
Match 45540613
Unlisted
Match 45540613
Overview
Messages
Build Orders
End
Construct Section Command Post
Royal Engineer Section
ML 3-inch Mortar Team
Infantry Section
Infantry Section
Vickers Machine Gun Team
Construct Platoon Command Post
Humber Armored Car
6-pounder Anti-tank Gun Team
Selects Air and Sea Battlegroup
Selects Commando Section Paradrop
Selects Commando Support Section Paradrop
Commando Section Paradrop
Commando Support Section Paradrop
Engooeer
Brick_man
Dr. T
NightArk
J.
sebpc96
0
0
Comments
sign in to comment!
No comments posted yet!